 Dungeon Crawl Stone Soup version 0.24-a0-269-g32ec7ca (webtiles) character file.

Game seed: 11061391473601836552

118844 mistymad the Prestidigitator (level 16, -4/111 HPs)
             Began as a Gnoll Artificer on Apr 23, 2019.
             Was a High Priest of Hepliaklqana.
             Killed from afar by Nikola (37 damage)
             ... with a bolt of lightning
             ... on level 1 of the Snake Pit.
             The game lasted 01:40:21 (28876 turns).

mistymad the Prestidigitator (Gnoll Artificer)     Turns: 28876, Time: 01:40:22

Health: -4/111     AC: 25    Str: 21    XL:     16   Next: 42%
Magic:  0/30       EV: 15    Int: 20    God:    Hepliaklqana [*****.]
Gold:   704        SH: 15    Dex: 17    Spells: 10/36 levels left

rFire    . . .     SeeInvis .   E - +8 whip of the Mind {slash, rC+ Int+5}
rCold    + . .     Gourm    .   c - +2 buckler
rNeg     . . .     Faith    .   V - +9 chain mail of the Evening Star {+Blink Dex+2}
rPois    +         Spirit   +   (no helmet)
rElec    .         Reflect  +   u - scarf {Spirit}
rCorr    .         Harm     .   b - +0 pair of gloves
MR       +....     Rnd*Rage +   t - +2 pair of boots
Stlth    +++.......             e - +6 amulet of reflection
HPRegen  0.28/turn              a - ring of poison resistance
MPRegen  0.22/turn              q - ring of stealth

@: about to teleport, very slightly contaminated
A: distributed training, reduced essence, fangs 1, talons 1, berserk 1, mutation
resistance 1, strong nose
}: 1/15 runes: decaying
a: Recall Ancestor, Ancestor Identity, Transference, Idealise, Renounce
Religion, Evoke Blink


You were on level 1 of the Snake Pit.
You worshipped Hepliaklqana.
Hepliaklqana was extremely pleased with you.
You were not hungry.

You visited 5 branches of the dungeon, and saw 22 of its levels.
You visited 1 bazaar.
You also visited: Ossuary and Ice Cave.

You collected 1765 gold pieces.
You spent 1061 gold pieces at shops.

Inventory:

Hand Weapons
 E - the +8 whip of the Mind (weapon) {slash, rC+ Int+5}
   (You found it on level 2 of the Lair of Beasts)

   It inflicts extra damage upon your enemies.
   It affects your intelligence (+5).
   It protects you from cold.
 Y - a +2 flail of holy wrath
Missiles
 N - 229 arrows
 P - 3 throwing nets (quivered)
Armour
 b - a +0 pair of gloves (worn)
 c - a +2 buckler (worn)
 t - a +2 pair of boots (worn)
 u - a scarf of spirit shield (worn)
 V - the +9 chain mail of the Evening Star (worn) {+Blink Dex+2}
   (You found it on level 8 of the Dungeon)

   It affects your dexterity (+2).
   It lets you blink.
Jewellery
 a - a ring of poison resistance (left hand)
 e - a +6 amulet of reflection (around neck)
 q - a ring of stealth (right hand)
 x - an uncursed ring of fire
 K - the amulet "Athrofeo" {Faith rF+++ rC- Str+3 SInv}
   (You bought it in a shop in a bazaar)

   [amulet of faith]

   It allows you to gain divine favour quickly.
   It affects your strength (+3).
   It renders you almost immune to fire.
   It makes you vulnerable to cold.
   It lets you see invisible.
 L - an uncursed ring of flight
 Z - an uncursed ring of ice
Wands
 d - a wand of enslavement (25)
 n - a wand of iceblast (9)
 p - a wand of acid (16)
 r - a wand of digging (8)
 B - a wand of polymorph (18)
 O - a wand of scattershot (14)
 S - a wand of disintegration (46)
 W - a wand of paralysis (5)
 X - a wand of clouds (1)
Scrolls
 i - 8 scrolls of teleportation
 k - 13 scrolls of remove curse
 m - 7 scrolls of fear
 s - 2 scrolls of enchant armour
 v - 2 scrolls of silence {!r}
 w - 2 scrolls of vulnerability
 y - 4 scrolls of magic mapping
 z - 2 scrolls of acquirement
 A - 3 scrolls of blinking
 F - a scroll of brand weapon
 I - 6 scrolls of enchant weapon
 M - 3 scrolls of amnesia
 Q - 9 scrolls of identify
 T - 4 scrolls of fog
Potions
 g - 2 potions of resistance
 h - 5 potions of agility
 j - a potion of berserk rage {!q}
 o - a potion of ambrosia
 D - 3 potions of flight
 H - 5 potions of curing
 J - 7 potions of might
 R - 4 potions of brilliance
 U - 6 potions of haste
Miscellaneous
 C - a lamp of fire
 G - a lightning rod (4/4)
Comestibles
 f - 46 rations
 l - 9 chunks of flesh


   Skills:
 + Level 10.9 Fighting
 + Level 10.9 Short Blades
 + Level 10.6 Long Blades
 + Level 10.6 Axes
 + Level 10.6 Maces & Flails
 + Level 10.6 Polearms
 + Level 10.6 Staves
 + Level 10.6 Slings
 + Level 10.6 Bows
 + Level 10.6 Crossbows
 + Level 10.6 Throwing
 + Level 10.6 Armour
 + Level 11.5 Dodging
 + Level 10.9 Stealth
 + Level 10.6 Shields
 + Level 10.6 Unarmed Combat
 + Level 10.6 Spellcasting
 + Level 9.0 Conjurations
 + Level 9.0 Hexes
 + Level 9.0 Charms
 + Level 9.0 Summonings
 + Level 9.0 Necromancy
 + Level 9.0 Translocations
 + Level 9.0 Transmutations
 + Level 9.0 Fire Magic
 + Level 9.0 Ice Magic
 + Level 9.0 Air Magic
 + Level 9.0 Earth Magic
 + Level 9.0 Poison Magic
 + Level 11.5 Invocations
 + Level 12.2 Evocations


You had 10 spell levels left.
You knew the following spells:

 Your Spells              Type           Power        Failure   Level  Hunger
a - Sticks to Snakes      Tmut           #####...     1%          2    None
b - Dazzling Spray        Conj/Hex       #####.       3%          3    None
c - Summon Lightning Spi  Summ/Air       #####...     10%         4    ##.....
d - Apportation           Tloc           #####.       1%          1    None
e - Swiftness             Chrm/Air       #####...     1%          2    None
f - Airstrike             Air            #####.....   10%         4    ##.....
g - Conjure Flame         Conj/Fire      #####...     3%          3    None
h - Animate Skeleton      Necr           N/A          1%          1    None
i - Statue Form           Tmut/Erth      #####....    83%         6    ######.

Your spell library contained the following spells:

 Spells                   Type           Power        Failure   Level  Hunger
 Beastly Appendage        Tmut           #####.       1%          1    None
 Confusing Touch          Hex            #####.       1%          1    None
 Flame Tongue             Conj/Fire      #####        1%          1    None
 Magic Dart               Conj           ####         1%          1    None
 Shock                    Conj/Air       ####         1%          1    None
 Summon Small Mammal      Summ           ####         1%          1    None
 Call Imp                 Summ           #####...     1%          2    None
 Searing Ray              Conj           #####.       1%          2    None
 Throw Flame              Conj/Fire      #####.       1%          2    None
 Call Canine Familiar     Summ           #####...     3%          3    None
 Confuse                  Hex            #####...     3%          3    None
 Gell's Gravitas          Tloc           #####.....   3%          3    None
 Inner Flame              Hex/Fire       #####...     3%          3    None
 Portal Projectile        Hex/Tloc       #####.       3%          3    None
 Spider Form              Tmut/Pois      #####.....   3%          3    None
 Static Discharge         Conj/Air       #####...     3%          3    None
 Summon Guardian Golem    Hex/Summ       #####...     3%          3    None
 Force Lance              Conj/Tloc      #####...     10%         4    ##.....
 Fulminant Prism          Conj/Hex       #####.....   10%         4    ##.....
 Ice Form                 Ice/Tmut       #####...     10%         4    ##.....
 Iskenderun's Mystic Bla  Conj           #####...     10%         4    ##.....
 Leda's Liquefaction      Hex/Erth       #####.....   10%         4    ##.....
 Petrify                  Tmut/Erth      #####...     10%         4    ##.....
 Sticky Flame             Conj/Fire      #####...     10%         4    ##.....
 Summon Ice Beast         Ice/Summ       #####...     10%         4    ##.....
 Blade Hands              Tmut           #####.....   28%         5    ####...
 Bolt of Magma            Conj/Fire/Erth #####.....   28%         5    ####...
 Fireball                 Conj/Fire      #####.....   28%         5    ####...
 Lightning Bolt           Conj/Air       #####.....   28%         5    ####...
 Metabolic Englaciation   Hex/Ice        #####.....   28%         5    ####...
 Yara's Violent Unravell  Hex/Tmut       #####.....   28%         5    ####...
 Dispersal                Tloc           #####.....   83%         6    ######.
 Iron Shot                Conj/Erth      #####.....   83%         6    ######.
 Controlled Blink         Tloc           N/A          100%        8    #######
 Disjunction              Tloc           #####.....   100%        8    #######
 Shatter                  Erth           #####.....   100%        9    #######


Dungeon Overview and Level Annotations

Branches:
Dungeon (10/15)            Temple (1/1) D:6            Lair (6/6) D:8
  Swamp (4/4) Lair:2        Snake (1/4) Lair:3        Slime (0/5) Lair:5
    Orc: D:9-12

Altars:
Ashenzari
Cheibriados
Dithmenos
Elyvilon
Fedhas
Gozag
Hepliaklqana
Kikubaaqudgha
Makhleb
Nemelex Xobeh
Okawaru
Qazlal
Ru
Sif Muna
Trog
Uskayaw
Vehumet
Wu Jian
Xom
Yredelemnul
Zin
The Shining One
Jiyva

Annotations:
Lair:3 exclusion: 3 oklob plants
Snake:1 Nikola


Innate Abilities, Weirdness & Mutations

Your experience applies equally to all skills.
You have very sharp teeth.
Your uncanny sense of smell can sniff out nearby items.
Your life essence is reduced to manifest your ancestor. (-10% HP)
You have sharp toenails.
You tend to lose your temper in combat.
You are somewhat resistant to further mutation.


Message History

You hear a mighty clap of thunder!
The lightning arc hits you!!!
The lightning arc hits Nikola.
The lightning arc hits you!!
The lightning arc hits Cube!!
The lightning arc hits you!!
* * * LOW HITPOINT WARNING * * *
The lightning arc hits Cube!
You hear an angry hiss.
You take 67 damage, and have 32/111 hp.
MASSIVE DAMAGE!!
You now have 7/30 mp.
Okay, then.
Blink to where?
You are very lightly contaminated with residual magic.
As you read the scroll of blinking, it crumbles to dust.
As you read the scroll of teleportation, it crumbles to dust.
You feel strangely unstable.
Nikola gestures wildly while chanting.
Nikola blinks!
Cube hits Nikola with a +0 quarterstaff!!
Nikola gestures at you while chanting. The bolt of lightning hits you!!!
You die...

.## ####..##
###..§...#
###..R...#..#
##...@...##
.#
##.....###.#
##....### ..#
##...### ....
###†.@##
#....
###....##
....
####.....## .
##.......##
.. .
#......### .
∆... #
#....### .
...##
#.###### ##
## ##. ....#
#......#
.....#.##.##
....
##[.###..
..........#
#..#


You could see the friendly Cube the battlemage and Nikola.

Vanquished Creatures
  Aizul (Swamp:3)
  Josephine (Lair:4)
  An ice dragon (IceCv)
  A naga warrior (Snake:1)
  11 hydras
  An anaconda (Snake:1)
  3 shambling mangroves
  2 two-headed ogres
  5 alligators
  2 death yaks (Lair:6)
  An unseen horror (D:10)
  A centaur zombie (D:7)
  6 elephants
  2 naga magi (Snake:1)
  9 black mambas
  2 ice statues (IceCv)
  A torpor snail (Lair:6)
  7 spiny frogs
  5 komodo dragons
  3 rime drakes
  5 tyrant leeches
  A bog body (Swamp:4)
  7 hornets
  10 blink frogs
  22 slime creatures
  4 hippogriffs
  29 yaks
  5 spriggans
  6 wraiths
  A wyvern (D:9)
  A hog (Swamp:4)
  A basilisk (Lair:1)
  6 vampire mosquitoes
  5 insubstantial wisps
  3 nagas (Snake:1)
  Edmund (D:4)
  9 swamp worms
  12 water moccasins
  7 porcupines
  3 orc warriors
  7 swamp drakes
  4 black bears
  4 ogres
  13 ice beasts
  3 necrophages
  2 sky beasts (D:7)
  13 wolves
  2 phantoms
  3 centaurs
  9 crocodiles
  Blork the orc (D:5)
  14 bullfrogs
  2 scorpions
  6 wights
  2 electric eels
  10 howler monkeys
  A bullfrog zombie (D:5)
  4 crimson imps
  6 hounds
  5 jellies
  9 orc wizards
  2 centaur skeletons
  2 iguanas
  3 orc priests
  Natasha (twice) (D:2)
  8 worker ants
  7 hell rats (Lair:6)
  3 killer bee zombies
  A hound zombie (D:7)
  3 hound skeletons
  A worker ant zombie (D:7)
  9 adders
  10 gnolls
  2 howler monkey skeletons
  A shadow imp (D:10)
  2 oozes
  2 worms
  2 dart slugs
  8 leopard geckos
  23 orcs
  14 bats
  5 giant cockroaches
  6 goblins
  6 hobgoblins
  13 jackals
  3 kobolds (D:2)
  3 quokkas
  2 ball pythons (Lair:3)
  A ball python skeleton (Ossuary)
  5 frilled lizards
  2 hobgoblin zombies (Ossuary)
  A jackal skeleton (D:7)
  A kobold zombie (Ossuary)
  A leopard gecko skeleton (D:5)
  An orc skeleton (Ossuary)
  An orc zombie (Ossuary)
  A quokka skeleton (D:7)
  7 rats
  A fungus (D:6)
  2 plants (Lair:3)
490 creatures vanquished.

Vanquished Creatures (collateral kills)
  2 thorn hunters (Swamp:4)
  Kirke (Swamp:4)
  Roxanne (Snake:1)
  An ice dragon (IceCv)
  2 naga warriors (Snake:1)
  9 hydras
  A catoblepas (Lair:6)
  A shambling mangrove (Swamp:4)
  2 anacondas (Snake:1)
  A two-headed ogre (D:9)
  3 alligators
  A deep troll shaman (Lair:6)
  2 death yaks (Lair:6)
  2 spriggan druids (Swamp:3)
  8 swamp dragons
  2 mana vipers (Snake:1)
  A salamander (Snake:1)
  3 elephants
  4 black mambas
  A naga mage (Snake:1)
  10 spiny frogs
  A rime drake (IceCv)
  A komodo dragon (Lair:5)
  3 tyrant leeches
  7 hornets
  7 blink frogs
  3 hippogriffs
  3 bog bodies
  10 slime creatures
  3 spriggans
  A wraith (Lair:4)
  6 yaks
  A hog (Swamp:4)
  11 vampire mosquitoes
  5 swamp worms
  2 nagas (Snake:1)
  3 insubstantial wisps
  7 water moccasins
  2 porcupines
  9 swamp drakes
  6 ice beasts (IceCv)
  A phantom (D:8)
  2 wolves
  2 centaurs (D:9)
  4 crocodiles
  3 bullfrogs
  2 scorpions (D:8)
  A crimson imp (D:7)
  Crazy Yiuf (D:6)
  A gnoll shaman (D:7)
  An orc priest (D:8)
  Natasha (D:2)
  2 worker ants (D:7)
  3 adders
  A gnoll (D:7)
  An orc (D:9)
  A quokka (D:8)
  A bat (Lair:3)
  3 fungi
  A plant (Lair:3)
181 creatures vanquished.

Vanquished Creatures (others)
  5 humans (Swamp:4)
  A swamp worm (Swamp:3)
  An ancestor (D:8)
  16 battlemagi
  An orc (D:9)
  A bush (Lair:1)
  14 fungi
  A plant (Lair:3)
40 creatures vanquished.

Grand Total: 711 creatures vanquished

Notes
Turn   | Place    | Note
-------+----------+-------------------------------------------
     0 | D:1      | mistymad the Gnoll Artificer began the quest for the Orb.
     0 | D:1      | Reached XP level 1. HP: 17/17 MP: 4/4
   208 | D:1      | Reached XP level 2. HP: 23/23 MP: 6/6
   805 | D:2      | Found an opulent altar of Gozag.
   952 | D:2      | Reached XP level 3. HP: 27/28 MP: 7/7
  1108 | D:2      | Reached skill level 1 in Invocations
  1114 | D:2      | Noticed Natasha
  1123 | D:2      | Killed Natasha
  1123 | D:2      | Reached skill level 1 in Long Blades
  1123 | D:2      | Reached skill level 1 in Axes
  1123 | D:2      | Reached skill level 1 in Maces & Flails
  1123 | D:2      | Reached skill level 1 in Polearms
  1123 | D:2      | Reached skill level 1 in Staves
  1123 | D:2      | Reached skill level 1 in Slings
  1123 | D:2      | Reached skill level 1 in Bows
  1123 | D:2      | Reached skill level 1 in Crossbows
  1123 | D:2      | Reached skill level 1 in Throwing
  1123 | D:2      | Reached skill level 1 in Armour
  1123 | D:2      | Reached skill level 1 in Shields
  1123 | D:2      | Reached skill level 1 in Unarmed Combat
  1123 | D:2      | Reached skill level 1 in Spellcasting
  1123 | D:2      | Reached XP level 4. HP: 16/34 MP: 8/8
  1769 | D:2      | Noticed Natasha
  1774 | D:2      | Killed Natasha
  1774 | D:2      | Reached skill level 1 in Conjurations
  1774 | D:2      | Reached skill level 1 in Hexes
  1774 | D:2      | Reached skill level 1 in Charms
  1774 | D:2      | Reached skill level 1 in Summonings
  1774 | D:2      | Reached skill level 1 in Necromancy
  1774 | D:2      | Reached skill level 1 in Translocations
  1774 | D:2      | Reached skill level 1 in Transmutations
  1774 | D:2      | Reached skill level 1 in Fire Magic
  1774 | D:2      | Reached skill level 1 in Ice Magic
  1774 | D:2      | Reached skill level 1 in Air Magic
  1774 | D:2      | Reached skill level 1 in Earth Magic
  1774 | D:2      | Reached skill level 1 in Poison Magic
  2159 | D:3      | Reached XP level 5. HP: 36/40 MP: 9/9
  3067 | D:4      | Noticed an ogre
  3079 | D:4      | Killed an ogre
  3079 | D:4      | Reached skill level 5 in Dodging
  3079 | D:4      | Reached XP level 6. HP: 34/47 MP: 11/11
  3441 | D:4      | Reached XP level 7. HP: 51/52 MP: 12/12
  3748 | D:5      | Entered Level 5 of the Dungeon
  3814 | D:5      | Reached skill level 7 in Evocations
  3867 | D:5      | Noticed Blork the orc
  3929 | D:5      | Found the +4 skin of Zhor {Hibernate rC+++ SInv}
  4087 | D:5      | Found a sand-covered staircase.
  4095 | Ossuary  | Entered an ossuary
  4288 | Ossuary  | Noticed a wraith
  4288 | Ossuary  | Noticed a flying skull
  4299 | Ossuary  | Noticed a wraith
  4314 | Ossuary  | Killed a wraith
  4314 | Ossuary  | Reached XP level 8. HP: 9/60 MP: 13/13
  4558 | Ossuary  | Noticed a flying skull
  4563 | Ossuary  | Noticed a flying skull
  4564 | Ossuary  | Noticed a flying skull
  4592 | Ossuary  | Noticed a wraith
  4609 | Ossuary  | Killed a wraith
  5122 | D:5      | Noticed Edmund
  5375 | D:4      | Killed Edmund
  5727 | D:5      | Killed Blork the orc
  5727 | D:5      | Reached XP level 9. HP: 49/66 MP: 14/14
  6195 | D:6      | Reached skill level 5 in Fighting
  6195 | D:6      | Reached skill level 5 in Short Blades
  6553 | D:6      | Found a staircase to the Ecumenical Temple.
  6573 | Temple   | Entered the Ecumenical Temple
  6665 | Temple   | Became a worshipper of Hepliaklqana the Forgotten
  6753 | D:6      | Found a hide-covered altar of Uskayaw.
  6951 | D:6      | Reached skill level 5 in Stealth
  7269 | D:6      | Found a runed translucent door.
  7270 | D:6      | Noticed Crazy Yiuf
  7279 | D:6      | Killed Crazy Yiuf
  7333 | D:7      | Reached skill level 8 in Evocations
  7362 | D:7      | Reached skill level 5 in Invocations
  7370 | D:7      | Learned a level 2 spell: Sticks to Snakes
  7644 | D:2      | Noticed Natasha
  7649 | D:2      | Killed Natasha
  7853 | D:7      | Noticed a two-headed ogre
  7867 | D:7      | Killed a two-headed ogre
  7867 | D:7      | Reached XP level 10. HP: 9/68 MP: 17/17
  7872 | D:7      | Reached skill level 5 in Long Blades
  7872 | D:7      | Reached skill level 5 in Axes
  7872 | D:7      | Reached skill level 5 in Maces & Flails
  7872 | D:7      | Reached skill level 5 in Polearms
  7872 | D:7      | Reached skill level 5 in Staves
  7872 | D:7      | Reached skill level 5 in Slings
  7872 | D:7      | Reached skill level 5 in Bows
  7872 | D:7      | Reached skill level 5 in Crossbows
  7872 | D:7      | Reached skill level 5 in Throwing
  7872 | D:7      | Reached skill level 5 in Armour
  7872 | D:7      | Reached skill level 5 in Shields
  7872 | D:7      | Reached skill level 5 in Unarmed Combat
  7872 | D:7      | Reached skill level 5 in Spellcasting
  8218 | D:7      | Learned a level 3 spell: Dazzling Spray
  8380 | D:7      | Learned a level 4 spell: Summon Lightning Spire
  8560 | D:7      | Reached * piety under Hepliaklqana
  8640 | D:7      | Found a shimmering altar of Xom.
  8936 | D:8      | Found a staircase to the Lair.
  9193 | D:8      | Got a translucent chain mail
  9194 | D:8      | Identified the +9 chain mail of the Evening Star {+Blink
                  | Dex+2} (You found it on level 8 of the Dungeon)
  9368 | D:8      | Reached XP level 11. HP: 66/72 MP: 19/19
  9676 | D:8      | Learned a level 1 spell: Apportation
  9706 | D:8      | Reached ** piety under Hepliaklqana
  9762 | D:8      | Remembered your ancestor Cube as a battlemage
  9785 | D:8      | Found a snail-covered altar of Cheibriados.
  9785 | D:8      | Found a burning altar of Makhleb.
  9850 | Lair:1   | Entered Level 1 of the Lair of Beasts
 10027 | Lair:1   | Reached skill level 9 in Evocations
 10042 | Lair:1   | Reached skill level 5 in Conjurations
 10042 | Lair:1   | Reached skill level 5 in Hexes
 10042 | Lair:1   | Reached skill level 5 in Charms
 10042 | Lair:1   | Reached skill level 5 in Summonings
 10042 | Lair:1   | Reached skill level 5 in Necromancy
 10042 | Lair:1   | Reached skill level 5 in Translocations
 10042 | Lair:1   | Reached skill level 5 in Transmutations
 10042 | Lair:1   | Reached skill level 5 in Fire Magic
 10042 | Lair:1   | Reached skill level 5 in Ice Magic
 10042 | Lair:1   | Reached skill level 5 in Air Magic
 10042 | Lair:1   | Reached skill level 5 in Earth Magic
 10042 | Lair:1   | Reached skill level 5 in Poison Magic
 11222 | Lair:2   | Got a scorched whip
 11223 | Lair:2   | Identified the +8 whip of the Mind {slash, rC+ Int+5} (You
                  | found it on level 2 of the Lair of Beasts)
 11273 | Lair:2   | Found a staircase to the Swamp.
 11378 | Lair:2   | Found a sacrificial altar of Ru.
 11633 | Lair:2   | Reached XP level 12. HP: 76/81 MP: 22/22
 12035 | Lair:3   | Reached *** piety under Hepliaklqana
 12325 | Lair:3   | Found a staircase to the Snake Pit.
 13073 | Lair:3   | HP: 3/82 [acid (14)]
 14803 | Lair:4   | Noticed Josephine
 14824 | Lair:4   | Killed Josephine
 15169 | Lair:4   | Reached **** piety under Hepliaklqana
 15388 | Lair:4   | Learned a level 2 spell: Swiftness
 15393 | Lair:4   | Learned a level 4 spell: Airstrike
 15878 | Lair:5   | Reached skill level 10 in Evocations
 15955 | Lair:5   | Found a frozen archway.
 15956 | Lair:5   | Noticed a six-headed hydra
 16000 | IceCv    | Entered an ice cave
 16139 | IceCv    | Reached XP level 13. HP: 88/88 MP: 24/24
 16562 | IceCv    | Noticed an ice dragon
 16563 | IceCv    | Noticed an ice dragon
 16845 | IceCv    | Killed an ice dragon
 17144 | IceCv    | Killed an ice dragon
 17397 | Lair:5   | Found a viscous altar of Jiyva.
 17398 | Lair:5   | Found a staircase to the Slime Pits.
 17423 | Lair:5   | Reached ***** piety under Hepliaklqana
 17592 | Lair:5   | Gained mutation: You tend to lose your temper in combat.
                  | [potion of mutation]
 17592 | Lair:5   | Gained mutation: You have sharp toenails. [potion of
                  | mutation]
 17592 | Lair:5   | Gained mutation: You are somewhat resistant to further
                  | mutation. [potion of mutation]
 17924 | Lair:6   | Entered Level 6 of the Lair of Beasts
 19867 | Lair:6   | Reached XP level 14. HP: 90/97 MP: 15/26
 20618 | D:9      | Reached skill level 10 in Dodging
 21064 | D:10     | Entered Level 10 of the Dungeon
 21064 | D:10     | Found the +5 robe of Misfortune {*Contam Harm *Corrode
                  | *Drain *Slow EV+5}
 21849 | Swamp:1  | Entered Level 1 of the Swamp
 21859 | Swamp:1  | Reached skill level 11 in Evocations
 22336 | Swamp:1  | Identified 2 scrolls of acquirement
 22650 | Swamp:2  | Reached skill level 10 in Invocations
 23772 | Swamp:2  | Reached ****** piety under Hepliaklqana
 24482 | Swamp:3  | Reached XP level 15. HP: 78/103 MP: 19/28
 24815 | Swamp:3  | mistymad: ??spriggan druid
 24815 | Swamp:3  | beem: spriggan druid[1/2]: Casts {awaken forest}: don't
                  | stand near trees in LOS of a spriggan druid. Also has
                  | {stone arrow} and {druid's call}. Top-tier 0.14 Swamp
                  | threat, random vault monster.
 24821 | Swamp:2  | Reached skill level 10 in Fighting
 24821 | Swamp:2  | Reached skill level 10 in Short Blades
 24959 | Swamp:3  | Reached skill level 10 in Stealth
 25087 | Swamp:3  | Noticed Aizul
 25111 | Swamp:3  | Killed Aizul
 25825 | Swamp:4  | Entered Level 4 of the Swamp
 26282 | Swamp:4  | Noticed Kirke
 26291 | Swamp:4  | Killed Kirke
 26387 | Swamp:4  | Reached skill level 10 in Long Blades
 26387 | Swamp:4  | Reached skill level 10 in Axes
 26387 | Swamp:4  | Reached skill level 10 in Maces & Flails
 26387 | Swamp:4  | Reached skill level 10 in Polearms
 26387 | Swamp:4  | Reached skill level 10 in Staves
 26387 | Swamp:4  | Reached skill level 10 in Slings
 26387 | Swamp:4  | Reached skill level 10 in Bows
 26387 | Swamp:4  | Reached skill level 10 in Crossbows
 26387 | Swamp:4  | Reached skill level 10 in Throwing
 26387 | Swamp:4  | Reached skill level 10 in Armour
 26387 | Swamp:4  | Reached skill level 10 in Shields
 26387 | Swamp:4  | Reached skill level 10 in Unarmed Combat
 26387 | Swamp:4  | Reached skill level 10 in Spellcasting
 26395 | Swamp:4  | Noticed a thorn hunter
 26678 | Swamp:4  | Learned a level 3 spell: Conjure Flame
 27447 | Swamp:4  | Killed a thorn hunter
 27447 | Swamp:4  | Reached skill level 12 in Evocations
 27456 | Swamp:4  | Reached XP level 16. HP: 31/111 MP: 5/30
 27745 | Swamp:4  | Learned a level 1 spell: Animate Skeleton
 27755 | Swamp:4  | Noticed a thorn hunter
 27769 | Swamp:4  | Killed a thorn hunter
 27906 | Swamp:4  | Got a decaying rune of Zot
 28117 | Snake:1  | Entered Level 1 of the Snake Pit
 28330 | Snake:1  | Found a gateway to a bazaar.
 28340 | Bazaar   | Entered a bazaar
 28344 | Bazaar   | Found Piusuat's Jewellery Emporium.
 28347 | Bazaar   | Found Ohiehoex's Antique Weapon Emporium.
 28363 | Bazaar   | Found Reogra's General Store.
 28371 | Bazaar   | Bought a scroll of blinking for 67 gold pieces
 28374 | Bazaar   | Found Postrifo's Distillery.
 28382 | Bazaar   | Bought a potion of brilliance for 44 gold pieces
 28382 | Bazaar   | Bought a potion of resistance for 110 gold pieces
 28382 | Bazaar   | Bought 2 potions of might for 88 gold pieces
 28382 | Bazaar   | Bought a potion of haste for 110 gold pieces
 28382 | Bazaar   | Bought a potion of might for 44 gold pieces
 28382 | Bazaar   | Found Fusafruri's Antique Armour Shoppe.
 28412 | Bazaar   | Bought the amulet "Athrofeo" {Faith rF+++ rC- Str+3 SInv}
                  | for 598 gold pieces
 28621 | Snake:1  | Noticed Roxanne
 28695 | Snake:1  | Killed Roxanne
 28706 | Snake:1  | Learned a level 6 spell: Statue Form
 28870 | Snake:1  | Noticed Nikola
 28876 | Snake:1  | Killed from afar by Nikola

Levels and vault maps discovered:
D:1:      co_arrival_square_in_a_square_in_a_square, layout_basic
D:2:      layout_loops_corners, grunt_gozag_breadcrumbs, uniq_natasha
D:3:      minmay_recursive_quarters, layout_basic, minmay_misc_feat_columns
D:4:      layout_loops_ring, minmay_misc_feat_hallway
D:5:      layout_rooms, first_ration, nicolae_ossuary_entry_plus,
          kennysheep_cluttered_room, uniq_blork_the_orc, uniq_edmund
D:6:      layout_basic, minmay_temple_entry_trees, basic_altar,
          uniq_crazy_yiuf_cottage
D:7:      layout_rooms, basic_altar
D:8:      layout_basic, amethyst_overflow_temple_binary,
          due_lair_maze_entry_diamond, grunt_ogre_cave
D:9:      layout_roguey
D:10:     layout_loops_ring, nicolae_wwwww
Temple:   regret_index_temple_chain_breaker
Lair:1:   layout_roguey, infiniplex_staircase_pool
Lair:2:   layout_gridlike, swamp_mist, basic_altar
Lair:3:   layout_regular_city, minmay_snake_entry_six_corridors,
          roderic_batcave, serial_bayou_shore_a, minmay_lair_oklob_chamber,
          lemuel_fruit_tree, serial_bayou_shore_b, lemuel_fruit_fields
Lair:4:   layout_small_grid, uniq_josephine
Lair:5:   layout_regular_city, dpeg_slime_entry_enclosed_altar,
          portal_ice_cave_entry_pillars_1
Lair:6:   grunt_lair_end_beastmaster, layout_regular_city, grunt_megastairs_5
Swamp:1:  layout_falls_marsh, evilmike_swamp_ruin_rubble_2, swamp_pool1
Swamp:2:  layout_basic_swamp, hangedman_swamp_lotus
Swamp:3:  layout_basic_swamp, hangedman_swamp_ruin_hall,
          infiniplex_staircase_pool_2, uniq_aizul
Swamp:4:  swamp, layout_basic_swamp, swamp_pool1, uniq_kirke
Snake:1:  layout_onion_interference, serial_shops, bzr_entry_islet,
          eino_curves_01, uniq_nikola, uniq_roxanne
Bazaar:   bazaar_lake
Ossuary:  ossuary_due_cavern
IceCv:    ice_cave_small_dragons

Skill      XL: |  1  2  3  4  5  6  7  8  9 10 11 12 13 14 15 16 |
---------------+-------------------------------------------------+-----
Invocations    | 1 2 3 4 5 6 7 8 9 10 11 | 11.5
Long Blades    | 1 2 3 4 5 6 7 8 9 10 | 10.6
Axes           | 1 2 3 4 5 6 7 8 9 10 | 10.6
Maces & Flails | 1 2 3 4 5 6 7 8 9 10 | 10.6
Polearms       | 1 2 3 4 5 6 7 8 9 10 | 10.6
Staves         | 1 2 3 4 5 6 7 8 9 10 | 10.6
Slings         | 1 2 3 4 5 6 7 8 9 10 | 10.6
Bows           | 1 2 3 4 5 6 7 8 9 10 | 10.6
Crossbows      | 1 2 3 4 5 6 7 8 9 10 | 10.6
Throwing       | 1 2 3 4 5 6 7 8 9 10 | 10.6
Armour         | 1 2 3 4 5 6 7 8 9 10 | 10.6
Shields        | 1 2 3 4 5 6 7 8 9 10 | 10.6
Unarmed Combat | 1 2 3 4 5 6 7 8 9 10 | 10.6
Spellcasting   | 1 2 3 4 5 6 7 8 9 10 | 10.6
Conjurations   | 1 2 3 4 5 6 7 8 9 |  9.0
Hexes          | 1 2 3 4 5 6 7 8 9 |  9.0
Charms         | 1 2 3 4 5 6 7 8 9 |  9.0
Summonings     | 1 2 3 4 5 6 7 8 9 |  9.0
Necromancy     | 1 2 3 4 5 6 7 8 9 |  9.0
Translocations | 1 2 3 4 5 6 7 8 9 |  9.0
Transmutations | 1 2 3 4 5 6 7 8 9 |  9.0
Fire Magic     | 1 2 3 4 5 6 7 8 9 |  9.0
Ice Magic      | 1 2 3 4 5 6 7 8 9 |  9.0
Air Magic      | 1 2 3 4 5 6 7 8 9 |  9.0
Earth Magic    | 1 2 3 4 5 6 7 8 9 |  9.0
Poison Magic   | 1 2 3 4 5 6 7 8 9 |  9.0
Fighting       | 3 4 5 6 7 8 9 10 | 10.9
Short Blades   | 3 4 5 6 7 8 9 10 | 10.9
Dodging        | 5 6 7 8 9 10 11 | 11.5
Stealth        | 3 4 5 6 7 8 9 10 | 10.9
Evocations     | 7 8 9 10 11 12 | 12.2

Action                   |  1- 3 |  4- 6 |  7- 9 | 10-12 | 13-15 | 16-18 || total
-------------------------+-------+-------+-------+-------+-------+-------++-------
Melee: Short sword       |    37 |       |       |       |       |       ||    37
       Bite              |     6 |    12 |    41 |   103 |   235 |    28 ||   425
       Hand axe          |    39 |   133 |   164 |       |       |       ||   336
       Punch             |       |     1 |     4 |     8 |       |       ||    13
       Flail             |       |       |   199 |   389 |       |       ||   588
       Quarterstaff      |       |       |    19 |       |       |       ||    19
       Whip              |       |       |       |   341 |  1354 |   189 ||  1884
       Kick              |       |       |       |       |    50 |       ||    50
       Unarmed           |       |       |       |       |    16 |       ||    16
 Fire: Shortbow          |       |       |       |       |     9 |       ||     9
 Cast: Sticks to Snakes  |       |       |       |     7 |    31 |       ||    38
       Dazzling Spray    |       |       |       |       |     5 |       ||     5
       Summon Lightning  |       |       |       |       |     2 |       ||     2
       Airstrike         |       |       |       |       |     1 |       ||     1
       Animate Skeleton  |       |       |       |       |       |     3 ||     3
Invok: Ancestor Identity |       |       |     1 |       |       |       ||     1
       Recall Ancestor   |       |       |       |     4 |     3 |       ||     7
       Ancestor Life: Ba |       |       |       |     1 |       |       ||     1
       Idealise          |       |       |       |       |     4 |     2 ||     6
       Transference      |       |       |       |       |     1 |       ||     1
 Abil: Evoke Berserk Rag |       |       |       |     4 |       |       ||     4
Evoke: Wand              |       |       |     6 |     9 |     3 |       ||    18
       Lightning rod     |       |       |       |       |     4 |       ||     4
       Lamp of fire      |       |       |       |       |     1 |       ||     1
  Use: Scroll            |       |       |     9 |    10 |    17 |     2 ||    38
       Potion            |       |       |     3 |     3 |     5 |       ||    11
 Stab: Sleeping          |     4 |     5 |    16 |     1 |     9 |     3 ||    38
       Distracted        |       |       |     1 |     7 |    32 |     1 ||    41
       Invisible         |       |       |       |       |     2 |       ||     2
  Eat: Chunk             |     1 |     7 |    10 |    26 |    32 |       ||    76
       Ration            |       |       |     1 |     2 |     2 |     1 ||     6
Armor: Leather armour    |    20 |    13 |       |       |       |       ||    33
       Scale mail        |       |    23 |    23 |       |       |       ||    46
       Animal skin       |       |       |    77 |    72 |    17 |       ||   166
       Chain mail        |       |       |       |   248 |   516 |    42 ||   806
       Skin              |       |       |       |    27 |       |       ||    27
Dodge: Dodged            |    75 |   102 |   240 |   391 |   566 |    70 ||  1444
Block: Buckler           |       |       |       |   126 |   681 |   103 ||   910
       Other             |       |       |       |       |     6 |       ||     6
       Reflection        |       |       |       |       |     5 |     4 ||     9

Table legend:
 A = Non-vault XP
 B = Vault XP
 C = Vault XP percentage of total XP
 D = Non-vault monster count
 E = Vault monster count
 F = Vault count percentage of total count
                 A         B        C        D         E       F
            +---------+---------+-------+---------+---------+-------
      Total |  104960 |   46247 |  30.6 |     527 |     138 |  20.8
            +---------+---------+-------+---------+---------+-------
        D:1 |      21 |       0 |   0.0 |       9 |       0 |   0.0
        D:2 |     114 |      35 |  23.5 |      18 |       1 |   5.3
        D:3 |     131 |      37 |  22.0 |      14 |       8 |  36.4
        D:4 |     483 |     162 |  25.1 |      22 |       1 |   4.3
        D:5 |     854 |      99 |  10.4 |      31 |       1 |   3.1
        D:6 |    1232 |      42 |   3.3 |      26 |       1 |   3.7
        D:7 |    3185 |       0 |   0.0 |      34 |       0 |   0.0
        D:8 |    1456 |    1404 |  49.1 |      32 |      11 |  25.6
        D:9 |    3239 |       0 |   0.0 |      28 |       0 |   0.0
       D:10 |    1975 |       0 |   0.0 |      12 |       0 |   0.0
     Lair:1 |    6301 |       0 |   0.0 |      32 |       0 |   0.0
     Lair:2 |    2801 |       0 |   0.0 |      12 |       0 |   0.0
     Lair:3 |    4204 |    2035 |  32.6 |      18 |      23 |  56.1
     Lair:4 |    1339 |    2132 |  61.4 |       6 |       6 |  50.0
     Lair:5 |    7900 |       0 |   0.0 |      31 |       0 |   0.0
     Lair:6 |    6508 |    9564 |  59.5 |      33 |      22 |  40.0
    Swamp:1 |    7681 |       0 |   0.0 |      20 |       0 |   0.0
    Swamp:2 |   13781 |       0 |   0.0 |      40 |       0 |   0.0
    Swamp:3 |   12596 |    1611 |  11.3 |      32 |       1 |   3.0
    Swamp:4 |   16885 |   21423 |  55.9 |      54 |      31 |  36.5
    Snake:1 |   12274 |    1985 |  13.9 |      23 |       1 |   4.2
    Ossuary |       0 |     600 | 100.0 |       0 |      11 | 100.0
      IceCv |       0 |    5118 | 100.0 |       0 |      20 | 100.0
            +---------+---------+-------+---------+---------+-------
